 Dungeon Crawl Stone Soup version 0.20-a0-650-gd54866b (webtiles) character file.

7515 Laan the Thaumaturge (level 10, -2/63 HPs)
             Began as a Mummy Fire Elementalist on Feb 16, 2017.
             Was a Believer of Vehumet.
             Slain by an eight-headed hydra (7 damage)
             ... on level 10 of the Dungeon.
             The game lasted 00:29:16 (11995 turns).

Laan the Thaumaturge (Mummy Fire Elementalist)     Turns: 11995, Time: 00:29:16

Health: -2/63      AC:  7    Str: 11    XL:     10   Next: 95%
Magic:  8/25       EV: 12    Int: 22    God:    Vehumet [**....]
Gold:   460        SH:  2    Dex: 14    Spells: 19/32 levels left

rFire    x . .     SeeInvis .   B - +4 trident (vamp)
rCold    + + .     Gourm    .   p - +2 robe {rC+}
rNeg     + + +     Faith    .   (no shield)
rPois    ∞         Spirit   .   i - +0 helmet
rElec    .         Reflect  +   (no cloak)
rCorr    .         Harm     .   E - +0 pair of gloves
MR       +....                  l - +0 pair of boots
Stlth    ++........             m - +2 amulet of reflection
Regen    0.2/turn               f - +2 ring of dexterity
MPRegen  0.2/turn               w - +3 ring of intelligence

@: no status effects
A: no food or potions, fire vulnerability, cold resistance 1, negative energy
resistance 3, torment resistance, unbreathing
a: Renounce Religion


You were on level 10 of the Dungeon.
You worshipped Vehumet.
Vehumet was pleased with you.
You were not hungry.

You visited 2 branches of the dungeon, and saw 11 of its levels.

You collected 460 gold pieces.

Inventory:

Hand Weapons
 c - a +3 flail of protection
 n - a +1 dagger of protection
 B - a +4 vampiric trident (weapon)
Missiles
 o - 7 javelins of returning (quivered)
Armour
 i - a +0 helmet (worn)
 l - a +0 pair of boots (worn)
 p - a +2 robe of cold resistance (worn)
 E - a +0 pair of gloves (worn)
Jewellery
 a - a +4 ring of strength
 f - a +2 ring of dexterity (right hand)
 m - a +2 amulet of reflection (around neck)
 s - an uncursed ring of stealth
 w - a +3 ring of intelligence (left hand)
 z - an uncursed amulet of magic regeneration {unknown}
Wands
 j - a wand of paralysis (9/24)
 r - a wand of disintegration (24/24)
 A - a wand of paralysis (4/24)
 D - a wand of clouds (5/9)
Scrolls
 d - 3 scrolls of amnesia
 e - 4 scrolls of identify
 g - 3 scrolls of recharging
 h - a scroll of blinking {unknown}
 k - 2 scrolls of enchant armour {unknown}
 q - 3 scrolls of random uselessness {unknown}
 t - 2 scrolls of remove curse
 u - 4 scrolls of teleportation {unknown}
 v - 3 scrolls of noise {unknown}
 y - a scroll of magic mapping
 C - a scroll of fear
Books
 b - a book of Flames

   Spells                             Type                      Level
   a - Flame Tongue                   Conjuration/Fire             1
   b - Throw Flame                    Conjuration/Fire             2
   c - Conjure Flame                  Conjuration/Fire             3
   d - Inner Flame                    Hexes/Fire                   3
   e - Sticky Flame                   Conjuration/Fire             4
   f - Fireball                       Conjuration/Fire             5
 x - a book of Maledictions

   Spells                             Type                      Level
   a - Corona                         Hexes                        1
   b - Ensorcelled Hibernation        Hexes/Ice                    2
   c - Confuse                        Hexes                        3
   d - Tukima's Dance                 Hexes                        3
   e - Dazzling Spray                 Conjuration/Hexes            3


   Skills:
 - Level 1.5 Dodging
 - Level 1.5 Stealth
 + Level 11.6 Spellcasting
 * Level 11.5 Conjurations
 - Level 2.4 Fire Magic


You had 19 spell levels left.
You knew the following spells:

 Your Spells              Type           Power        Failure   Level  Hunger
a - Flame Tongue          Conj/Fire      #####        1%          1    N/A
b - Conjure Flame         Conj/Fire      #####...     1%          3    N/A
c - Sticky Flame          Conj/Fire      #####...     3%          4    N/A
d - Fireball              Conj/Fire      #####.....   12%         5    N/A

Dungeon Overview and Level Annotations

Branches:
Dungeon (10/15)            Temple (1/1) D:6             Orc (0/2) D:9
   Lair: D:8-11

Altars:
Ashenzari
Cheibriados
Dithmenos
Elyvilon
Fedhas
Gozag
Hepliaklqana
Kikubaaqudgha
Makhleb
Nemelex Xobeh
Okawaru
Qazlal
Ru
Sif Muna
Trog
Uskayaw
Vehumet
Xom
Yredelemnul
Zin
The Shining One

Shops:
D:7 ?

Annotations:
D:2 Natasha


Innate Abilities, Weirdness & Mutations

You do not eat or drink.
Your flesh is vulnerable to fire.
You are immune to poison.
Your flesh is cold resistant. (rC+)
You are immune to negative energy. (rN+++)
You are immune to unholy pain and torment.
You can survive without breathing.


Message History

The eight-headed hydra is engulfed in blazing flames.
The eight-headed hydra barely misses you.
The eight-headed hydra bites you but does no damage. x2
The eight-headed hydra bites you. The eight-headed hydra bites you!
The eight-headed hydra bites you. The eight-headed hydra bites you! x2
Casting: Sticky Flame
Confirm with . or Enter, or press ? or * to list all spells.
Aiming: Flame Tongue
Press: ? - help, Shift-Dir - straight line, f/p - eight-headed hydra
Aim: an eight-headed hydra (flame, moderately wounded, covered in liquid flames)
The flame tongue hits the eight-headed hydra.
The eight-headed hydra is moderately wounded.
The eight-headed hydra burns!
The eight-headed hydra is engulfed in blazing flames.
The eight-headed hydra bites you.
* * * LOW HITPOINT WARNING * * *
The eight-headed hydra bites you!
* * * LOW HITPOINT WARNING * * *
The eight-headed hydra bites you!
You die...

#.# #D## ##. #.# #h. ...#
# #)# #.# #..# #.
#.#####.# #..#
#.###....†..# #..#
#......D.#### #..#
#.#....##### #..##
#.#.##D# #.... ##...##@#
#####.## ........#
#.....# ###.#.##.#
#.##### #.#.##.# #.#
#.#.##.#########>##
#.#...............#
.######.#..#....######..#
........................#
######.####.....######.#


You could see an eight-headed hydra (burning).

Vanquished Creatures
  2 two-headed ogres
  The ghost of Oki the Martial Artist, a novice OpTm of Cheibriados (D:7)
  A troll (D:9)
  A queen bee (D:10)
  A vampire (D:10)
  5 yaks (D:9)
  Edmund (D:4)
  Menkaure (D:4)
  A water moccasin (D:8)
  2 ice beasts
  An ogre (D:5)
  2 orc warriors
  3 sky beasts
  A black bear (D:5)
  3 phantoms
  2 centaurs
  5 bullfrogs
  Blork the orc (D:4)
  12 killer bees (D:10)
  10 howler monkeys
  2 crimson imps
  2 jellies
  2 bullfrog zombies
  3 hounds
  10 orc priests
  2 bullfrog skeletons
  Terence (D:1)
  12 orc wizards
  Natasha (D:2)
  7 worker ants
  Robin (D:1)
  13 adders
  2 shadow imps
  An adder skeleton (D:5)
  3 adder zombies
  2 worms
  A dart slug (D:1)
  5 leopard geckos
  34 orcs
  5 bats
  3 giant cockroaches
  15 goblins
  17 hobgoblins
  11 jackals
  9 kobolds
  3 quokkas
  4 ball pythons
  9 frilled lizards
  A jackal skeleton (D:7)
  A leopard gecko skeleton (D:4)
  3 quokka skeletons (D:4)
  10 rats
  A spectral orc (D:6)
252 creatures vanquished.

Notes
Turn   | Place    | Note
-------+----------+-------------------------------------------
     0 | D:1      | Laan the Mummy Fire Elementalist began the quest for the Orb.
     0 | D:1      | Reached XP level 1. HP: 13/13 MP: 4/4
    99 | D:1      | Reached skill level 1 in Conjurations
   215 | D:1      | Reached XP level 2. HP: 19/19 MP: 4/6
   740 | D:1      | Found a shimmering altar of Xom.
  1311 | D:2      | Noticed Terence
  1323 | D:2      | Reached XP level 3. HP: 24/24 MP: 4/7
  1401 | D:1      | Killed Terence
  1665 | D:2      | Noticed Robin
  1674 | D:2      | Reached XP level 4. HP: 19/30 MP: 3/9
  1815 | D:1      | Killed Robin
  2195 | D:2      | Noticed Natasha
  2201 | D:2      | Killed Natasha
  2320 | D:2      | Reached XP level 5. HP: 35/35 MP: 7/11
  2396 | D:2      | Learned a level 3 spell: Conjure Flame
  2401 | D:2      | Learned a level 4 spell: Sticky Flame
  2692 | D:2      | Found a hide-covered altar of Uskayaw.
  2694 | D:2      | Noticed Natasha
  4056 | D:3      | Reached XP level 6. HP: 24/41 MP: 4/13
  4607 | D:3      | Reached skill level 5 in Spellcasting
  4666 | D:3      | Found a shattered altar of Ashenzari.
  4666 | D:3      | Found a sparkling altar of Nemelex Xobeh.
  4788 | D:4      | Noticed Blork the orc
  4794 | D:4      | Killed Blork the orc
  5025 | D:4      | Noticed Edmund
  5047 | D:4      | Killed Edmund
  5047 | D:4      | Reached skill level 5 in Conjurations
  5067 | D:4      | HP: 1/41 [worker ant (6)]
  5366 | D:3      | Reached XP level 7. HP: 43/46 MP: 10/15
  5901 | D:4      | Noticed Menkaure
  5908 | D:4      | Killed Menkaure
  5964 | D:4      | Found an opulent altar of Gozag.
  6240 | D:5      | Entered Level 5 of the Dungeon
  6485 | D:5      | Learned a level 5 spell: Fireball
  6682 | D:5      | Reached XP level 8. HP: 40/52 MP: 2/18
  7311 | D:5      | Found a shimmering altar of Xom.
  7350 | D:5      | Found a white marble altar of Elyvilon.
  7540 | D:5      | You fall through a shaft for 2 floors!
  7540 | D:7      | Found Deotu's Magic Scroll Shop.
  7553 | D:7      | Noticed Oki's ghost (novice OpTm)
  7786 | D:6      | Found a shadowy altar of Dithmenos.
  7805 | D:6      | Found a basalt altar of Yredelemnul.
  7968 | D:6      | Found a staircase to the Ecumenical Temple.
  7980 | Temple   | Entered the Ecumenical Temple
  8015 | Temple   | Became a worshipper of Vehumet
  9001 | D:7      | Killed Oki's ghost
  9001 | D:7      | Reached XP level 9. HP: 48/57 MP: 9/22
  9397 | D:7      | Found a deep blue altar of Sif Muna.
  9456 | D:8      | Reached * piety under Vehumet
  9456 | D:8      | Offered knowledge of Sandblast by Vehumet.
  9629 | D:8      | Found a white marble altar of Elyvilon.
  9689 | D:8      | Noticed a two-headed ogre
  9705 | D:8      | Killed a two-headed ogre
  9775 | D:8      | Reached skill level 10 in Spellcasting
 10119 | D:8      | Reached skill level 10 in Conjurations
 10145 | D:8      | Reached XP level 10. HP: 61/63 MP: 14/24
 10245 | D:9      | Found a staircase to the Orcish Mines.
 10329 | D:9      | Found a stormy altar of Qazlal.
 10522 | D:9      | Found a hazy altar of Hepliaklqana.
 10595 | D:9      | Noticed a two-headed ogre
 10624 | D:9      | Killed a two-headed ogre
 10831 | D:9      | Offered knowledge of Throw Frost by Vehumet.
 10836 | D:9      | Reached ** piety under Vehumet
 11134 | D:10     | Entered Level 10 of the Dungeon
 11981 | D:10     | Noticed an eight-headed hydra
 11995 | D:10     | Slain by an eight-headed hydra

Vault maps used:
D:1:      sevenhm_arrival_forest_fort_small_6
D:2:      nicolae_overflow_hidden_temple, uniq_terence, uniq_natasha, uniq_robin
D:3:      gammafunk_temple_overflow_pools, grunt_ministairs_4
D:4:      kennysheep_mini_moat, first_bread, uniq_edmund, uniq_blork_the_orc,
          uniq_menkaure
D:5:      overflow_temple_1_default, basic_altar, st_stairs_5, minivault_11
D:6:      yredelemnul_forgotten_temple_becter, minmay_temple_entry_glassed_door,
          nicolae_dithmenos_the_darkroom
D:7:      kennysheep_mini, serial_shops, shop
D:8:      kennysheep_little_box
D:9:      overflow_temple_1_default, nicolae_qazlal_style_of_elements,
          orc_0_dummy
D:10:     minmay_lair_entry_lava, david_nohive_1, grunt_ministairs_12
Temple:   chequers_temple_sunken

Skill      XL: |  1  2  3  4  5  6  7  8  9 10 |
---------------+-------------------------------+-----
Conjurations   | 1 2 3 4 5 6 8 10 11 | 11.5
Spellcasting   | 3 4 5 7 9 10 11 | 11.6
Dodging        | |  1.5
Stealth        | |  1.5
Fire Magic     | |  2.4

Action                   |  1- 3 |  4- 6 |  7- 9 | 10-12 || total
-------------------------+-------+-------+-------+-------++-------
Melee: Short sword       |     6 |     2 |       |       ||     8
       Dagger            |       |     4 |       |       ||     4
       Flail             |       |     2 |    34 |       ||    36
       Trident           |       |       |       |    93 ||    93
Throw: Javelin           |       |    12 |       |       ||    12
 Cast: Flame Tongue      |    57 |   177 |   280 |    80 ||   594
       Conjure Flame     |       |     1 |     2 |     6 ||     9
       Sticky Flame      |       |       |    10 |    28 ||    38
       Fireball          |       |       |       |     6 ||     6
  Use: Scroll            |       |     2 |     4 |     3 ||     9
 Stab: Sleeping          |     1 |     1 |       |       ||     2
Armor: Robe              |     9 |    17 |    49 |    23 ||    98
Dodge: Dodged            |    31 |    82 |    99 |    49 ||   261
Block: Other             |       |       |     5 |     7 ||    12
       Reflection        |       |       |       |     1 ||     1
